 Dungeon Crawl Stone Soup version 0.25-a0-544-gee0576305d (webtiles) character file.

Game seed: 2404840260980139468, levelgen mode: classic

1617 EnegeticOcto the Chopper (level 8, 55/75 HPs)
             Began as a Deep Dwarf Fighter on Feb 20, 2020.
             Was a Follower of Makhleb.
             Quit the game on level 6 of the Dungeon.
             The game lasted 00:02:06 (2702 turns).

EnegeticOcto the Chopper (Deep Dwarf Fighter)       Turns: 2702, Time: 00:02:06

Health: 55/75      AC:  9    Str: 22    XL:     8   Next: 64%
Magic:  6/6        EV:  4    Int:  9    God:    Makhleb [*.....]
Gold:   145        SH:  7    Dex: 12    Spells: 7/7 levels left

rFire    . . .     SeeInvis .   a - +0 war axe
rCold    . . .     Gourm    .   c - +0 kite shield
rNeg     . . .     Faith    .   q - +0 chain mail
rPois    .         Spirit   .   (no helmet)
rElec    .         Reflect  .   (no cloak)
rCorr    .         Harm     .   g - +0 pair of gloves
MR       ++...                  (no boots)
Stlth    ..........             (no amulet)
HPRegen  0.00/turn              o - ring of attention (curse)
MPRegen  0.10/turn              p - ring of protection from magic (curse)

@: non-regenerating, extremely drained
A: damage resistance, heal wounds, sense surroundings 1, no regeneration
a: Heal Wounds, Renounce Religion


You were on level 6 of the Dungeon.
You worshipped Makhleb.
Makhleb was aware of your devotion.
You were very hungry.

You visited 1 branch of the dungeon, and saw 6 of its levels.

You collected 145 gold pieces.

Inventory:

Hand Weapons
 a - a +0 war axe (weapon)
Armour
 b - a +0 scale mail
 c - a +0 kite shield (worn)
 g - a +0 pair of gloves (worn)
 q - a +0 chain mail (worn)
Jewellery
 o - a cursed ring of attention (left hand)
 p - a cursed ring of protection from magic (right hand)
Wands
 f - a wand of paralysis (12)
Scrolls
 d - a scroll of enchant armour {unknown}
 j - 2 scrolls of teleportation {@r2}
 m - a scroll of identify {@r1}
Potions
 h - 2 potions of lignification {@q7}
 i - a potion of curing {@q1}
 k - 2 potions of might {@q3}
 l - 2 potions of degeneration
 n - 2 potions of haste {@q4}
 s - a potion of brilliance {unknown}
Comestibles
 e - 5 rations


   Skills:
 * Level 5.6(0.0) Fighting
 * Level 6.4(0.3) Axes
 + Level 5.3(0.0) Armour
 + Level 3.9(0.0) Dodging
 + Level 5.2(0.0) Shields
 * Level 5.0(0.0) Invocations


You had 7 spell levels left.
You didn't know any spells.
Your spell library was empty.

Dungeon Overview and Level Annotations

Branches:
Dungeon (6/15)
 Temple: D:4-7

Altars:
Ashenzari
Kikubaaqudgha
Makhleb
Xom


Innate Abilities, Weirdness & Mutations

You are resistant to damage.
You can heal yourself by infusing magical energy.
You passively map a small area around you.
You do not regenerate.


Message History

Your shield and chain mail prevent you from hitting something.
Something hits you but does no damage. You block the wight's attack.
Something hits you. Something shocks you.
You miss something. You block the wight's attack.
Something hits you but does no damage. The wight barely misses you.
Your shield and chain mail prevent you from hitting something.
Something hits you but does no damage. The wight hits you but does no damage.
Something hits you. Something shocks you.
You miss something. You block the wight's attack.
A sky beast appears from thin air!
Reactivating autopickup.
The sky beast hits you but does no damage.
The wight barely misses you.
You closely miss the sky beast.
The sky beast is moderately wounded.
The sky beast hits you but does no damage.
The wight hits you but does no damage.
The sky beast flickers out of sight!
Deactivating autopickup; reactivate with Ctrl-A.
You block something's attack.
You miss something.
The wight hits you from afar with a +0 spear.
You feel drained. You block something's attack.
The wight hits you but does no damage.
Your chain mail prevents you from hitting something.
Something hits you but does no damage. The wight hits you but does no damage.
Something completely misses you. You block the wight's attack.
You barely miss something. You block something's attack.
The wight hits you but does no damage.
You barely miss something. Something hits you but does no damage.
The wight hits you from afar with a +0 spear.
You feel drained. Something hits you but does no damage.
You block the wight's attack.
You completely miss something. Something hits you but does no damage.
The wight hits you from afar with a +0 spear.
You feel drained. Something hits you but does no damage.
The wight hits you from afar with a +0 spear.
You feel drained.
You miss something. Something hits you but does no damage.
The wight barely misses you.
You miss something. Something hits you but does no damage.
The wight hits you but does no damage. Something hits you but does no damage.
The wight hits you from afar with a +0 spear.
You are too injured to fight recklessly!
You are too injured to fight recklessly!
You are too injured to fight recklessly!
You are too injured to fight recklessly!
You are too injured to fight recklessly!
You are too injured to fight recklessly!
You are too injured to fight recklessly!
You feel much better. Something hits you. Something shocks you.
You block the wight's attack.
You closely miss something.
A sky beast appears from thin air!
Reactivating autopickup.
The sky beast hits you. The sky beast shocks you. You block the wight's attack.
The sky beast hits you but does no damage.
The wight hits you but does no damage.
You miss the sky beast.
The sky beast is lightly wounded.
The sky beast hits you but does no damage.
You block the wight's attack.
You closely miss the sky beast.
The sky beast is lightly wounded.
The sky beast flickers out of sight!
Deactivating autopickup; reactivate with Ctrl-A.
Something hits you but does no damage. The wight hits you but does no damage.
Something hits you. Something shocks you.
The wight hits you but does no damage.
You miss something.
A sky beast appears from thin air!
Reactivating autopickup.
The sky beast hits you but does no damage.
The wight hits you but does no damage.
You closely miss the sky beast.
The sky beast is lightly wounded.
The sky beast barely misses you. You block the wight's attack.
The sky beast hits you. The sky beast shocks you. You block the wight's attack.
Your shield prevents you from hitting the sky beast.
The sky beast is lightly wounded.
The sky beast hits you but does no damage.
The wight hits you but does no damage.
The sky beast flickers out of sight!
Deactivating autopickup; reactivate with Ctrl-A.
Something hits you but does no damage.
Your chain mail prevents you from hitting something.
You are feeling very hungry.
The wight hits you from afar with a +0 spear.
Something hits you but does no damage. You block the wight's attack.
You miss something. Something hits you. Something shocks you.
You block the wight's attack. Something hits you but does no damage.
The wight hits you but does no damage.
You are too injured to fight recklessly!
You are too injured to fight recklessly!
You are too injured to fight recklessly!
You are too injured to fight recklessly!
You are too injured to fight recklessly!
You are too injured to fight recklessly!
You are too injured to fight recklessly!
You are too injured to fight recklessly!
You are too injured to fight recklessly!
You feel much better. Something hits you but does no damage.
You block the wight's attack.
Are you sure you want to abandon this character and quit the game? (Confirm with "yes".) , , ,*.#,... , ..... ** * .#.. ## * ##., *, ... , .#### ##....###z. , .... ...... zsz

,, * .#.###..,#.#..
#z#*, , ,, ......
.....##{# .# ...#**,
#..##@##..#.. ...# #
#............*
...###..####.........#..
.#)).......#...#.....#,,
* .#.###..####...#.###.#
, ........# #...........
.##.##.## #...#.###.#.#
.##..#.# #.#.#.... ..
.#.#.#.#####.......#, ,
*


You could see 4 wights and a giant cockroach.

Vanquished Creatures
  Maggie (D:6)
  Grinder (D:6)
  An ice beast (D:6)
  A hornet zombie (D:6)
  A phantom (D:4)
  A big kobold (D:6)
  4 wights (D:6)
  2 howler monkeys (D:6)
  2 crimson imps (D:6)
  A jelly (D:6)
  2 hounds
  2 orc priests
  3 orc wizards
  A bullfrog skeleton (D:5)
  An iguana (D:5)
  3 worker ants
  A hound zombie (D:5)
  4 adders
  An ooze (D:2)
  An adder skeleton (D:6)
  An adder zombie (D:6)
  4 worms
  A dart slug (D:1)
  5 leopard geckos
  13 orcs
  4 bats
  5 giant cockroaches
  A goblin (D:2)
  2 hobgoblins
  4 quokkas
  A frilled lizard (D:2)
  13 kobolds
  A quokka zombie (D:5)
  5 rats
94 creatures vanquished.

Notes
Turn   | Place    | Note
-------+----------+-------------------------------------------
     0 | D:1      | EnegeticOcto the Deep Dwarf Fighter began the quest for the
                  | Orb.
     0 | D:1      | Reached XP level 1. HP: 20/20 MP: 1/1
    93 | D:1      | Reached XP level 2. HP: 25/27 MP: 2/2
   270 | D:2      | Reached XP level 3. HP: 32/34 MP: 3/3
   442 | D:3      | Found a shattered altar of Ashenzari.
   455 | D:3      | Reached skill level 3 in Axes
   455 | D:3      | Reached skill level 1 in Dodging
   536 | D:3      | Reached XP level 4. HP: 27/42 MP: 4/4
   633 | D:4      | Reached XP level 5. HP: 49/49 MP: 4/4
  1084 | D:4      | Reached skill level 4 in Axes
  1120 | D:4      | Noticed a phantom
  1132 | D:4      | Killed a phantom
  1132 | D:4      | Reached XP level 6. HP: 44/57 MP: 5/5
  1393 | D:5      | Entered Level 5 of the Dungeon
  1430 | D:5      | Found a burning altar of Makhleb.
  1585 | D:5      | Became a worshipper of Makhleb the Destroyer
  1674 | D:5      | Found an ancient bone altar of Kikubaaqudgha.
  1706 | D:5      | Found a shimmering altar of Xom.
  1812 | D:5      | Reached skill level 1 in Invocations
  1828 | D:5      | Reached XP level 7. HP: 43/66 MP: 5/7
  2193 | D:6      | Reached skill level 5 in Axes
  2273 | D:6      | Noticed Maggie
  2299 | D:6      | Killed Maggie
  2299 | D:6      | Reached * piety under Makhleb
  2333 | D:6      | Reached skill level 5 in Fighting
  2333 | D:6      | Reached XP level 8. HP: 62/74 MP: 7/7
  2376 | D:6      | Reached skill level 5 in Armour
  2465 | D:6      | Noticed Grinder
  2473 | D:6      | Killed Grinder
  2473 | D:6      | Reached skill level 6 in Axes
  2473 | D:6      | Reached skill level 5 in Shields
  2637 | D:6      | Reached skill level 5 in Invocations
  2702 | D:6      | Quit the game

Levels and vault maps discovered:
D:1:      minmay_arrival_doors, layout_basic
D:2:      layout_basic, minmay_pentomino_s2
D:3:      layout_basic, ashenzari_altar_1, hangedman_decor_growths,
          uniq_crazy_yiuf_cottage
D:4:      layout_loops_corners
D:5:      layout_basic, kiku_gazebo_garden_becter, lemuel_round_altar,
          xom_butterflies, first_ration, chequers_serial_rivers_micro_d,
          minmay_fractal_squares_5
D:6:      layout_basic, uniq_maggie, uniq_grinder, uniq_duvessa

Skill      XL: |  1  2  3  4  5  6  7  8 |
---------------+-------------------------+-----
Fighting       | 3 4 5 |  5.6
Axes           | 3 4 5 6 |  6.4
Dodging        | 1 2 3 |  3.9
Armour         | 4 5 |  5.3
Shields        | 4 5 |  5.2
Invocations    | 1 3 5 |  5.0

Action                   |  1- 3 |  4- 6 |  7- 9 || total
-------------------------+-------+-------+-------++-------
Melee: War axe           |    93 |   130 |   217 ||   440
 Abil: Heal Wounds       |     1 |     4 |    13 ||    18
  Use: Scroll            |       |     7 |     1 ||     8
  Eat: Chunk             |       |     3 |     3 ||     6
Armor: Scale mail        |    50 |    66 |     9 ||   125
       Chain mail        |       |       |   181 ||   181
Dodge: Dodged            |    51 |    54 |    84 ||   189
Block: Kite shield       |    72 |    70 |   139 ||   281

Table legend:
 A = Non-vault XP
 B = Vault XP
 C = Vault XP percentage of total XP
 D = Non-vault monster count
 E = Vault monster count
 F = Vault count percentage of total count
                 A         B        C        D         E       F
            +---------+---------+-------+---------+---------+-------
      Total |    1532 |     778 |  33.7 |      86 |       8 |   8.5
            +---------+---------+-------+---------+---------+-------
        D:1 |      14 |       0 |   0.0 |       6 |       0 |   0.0
        D:2 |      31 |       1 |   3.1 |      11 |       1 |   8.3
        D:3 |     127 |       0 |   0.0 |      19 |       0 |   0.0
        D:4 |     300 |       0 |   0.0 |      14 |       0 |   0.0
        D:5 |     164 |     120 |  42.3 |      10 |       5 |  33.3
        D:6 |     896 |     657 |  42.3 |      26 |       2 |   7.1
            +---------+---------+-------+---------+---------+-------
